 Dungeon Crawl Stone Soup version 0.30-a0-737-gf23d94013f (webtiles) character file.

Game seed: 7343494906554924680

1809682 ragingrage the Impregnable (level 27, 224/224 HPs)
             Began as a Barachi Warper on Feb 2, 2023.
             Was an Initiate of Gozag.
             Escaped with the Orb
             ... and 4 runes on Feb 3, 2023!
             The game lasted 03:08:27 (109801 turns).

ragingrage the Impregnable (Barachi Warper)       Turns: 109801, Time: 03:08:27

Health: 224/224    AC: 31    Str: 13    XL:     27
Magic:  39/39      EV: 13    Int: 17    God:    Gozag
Gold:   82         SH: 22    Dex: 21    Spells: 3/50 levels left

rFire   + + .      SeeInvis .    b - +9 double sword (heavy)
rCold   + . .      Faith    .    i - +5 kite shield {rPois}
rNeg    + + +      Spirit   .    v - +3 chain mail "Piam" {+Inv Regen+ Slay+2}
rPois   +          Reflect  .    e - +2 helmet {Int+3}
rElec   +          Harm     .    W - scarf {rC+ rF+}
rCorr   +          Rampage  .    D - +2 pair of gloves
Will    +++..                    y - +2 pair of boots {Stlth+}
Stlth   +                        T - amulet of magic regeneration
HPRegen 1.37/turn                Z - ring "Baob" {rElec rC+ Will+ Str-2}
MPRegen 0.66/turn                A - ring of Henotheism {Fire rN+++ rCorr Str-2}

@: studying 2 skills, slow
A: amphibious, slowness 1, strong legs 2, +LOS, fangs 1
0: Orb of Zot
}: 4/15 runes: decaying, serpentine, slimy, silver
a: Hop, Renounce Religion, Evoke Invisibility, Potion Petition, Call Merchant,
Bribe Branch


You escaped.
You worshipped Gozag.
Gozag was noncommittal.
You visited 12 branches of the dungeon, and saw 55 of its levels.
You visited the Abyss 1 time.
You also visited: Bailey, Ice Cave, Wizlab and Desolation.

You collected 33905 gold pieces.
You spent 7181 gold pieces at shops.
You paid 26642 gold pieces to Gozag.

Inventory:

Hand Weapons
 a - a +7 eudemon blade of holy wrath
 b - a +9 heavy double sword (weapon)
 U - a +8 club of flaming
Missiles
 d - 6 boomerangs of dispersal
 w - 3 throwing nets
 X - 14 silver javelins
Armour
 e - a +2 helmet of intelligence (worn)
 i - a +5 kite shield of poison resistance (worn)
 v - the +3 chain mail "Piam" (worn) {+Inv Regen+ Slay+2}
   (You found it on level 11 of the Dungeon)

   Slay:      It affects your accuracy & damage with ranged weapons and melee
   (+2).
   +Inv:      It lets you turn invisible.
   Regen:     It increases your rate of health regeneration.
 y - a +2 pair of boots of stealth (worn)
 D - a +2 pair of gloves (worn)
 W - a scarf of resistance (worn)
Jewellery
 A - the ring of Henotheism (right hand) {Fire rN+++ rCorr Str-2}
   (You bought it in a shop on level 5 of the Vaults)

   [ring of fire]

   It enhances your fire magic.
   Str:       It affects your strength (-2).
   rF:        It protects you from fire.
   rC:        It makes you vulnerable to cold.
   rN:        It renders you almost immune to negative energy.
   rCorr:     It protects you from acid and corrosion.
 S - the ring "Xuhal" {Will+ Dex+3}
   (You found it on level 1 of the Crypt)

   [ring of willpower]

   Dex:       It affects your dexterity (+3).
   Will:      It increases your willpower.
 T - an amulet of magic regeneration (around neck)
 V - a ring of see invisible
 Z - the ring "Baob" (left hand) {rElec rC+ Will+ Str-2}
   (You found it on level 3 of the Lair of Beasts)

   [ring of willpower]

   Str:       It affects your strength (-2).
   rC:        It protects you from cold.
   rElec:     It insulates you from electricity.
   Will:      It increases your willpower.
Wands
 c - a wand of digging (12)
 q - a wand of iceblast (40)
 F - a wand of quicksilver (10)
 O - a wand of charming (32)
Scrolls
 k - 23 scrolls of teleportation
 n - 12 scrolls of fog
 o - 6 scrolls of vulnerability
 s - 3 scrolls of magic mapping
 u - 6 scrolls of blinking
 x - 5 scrolls of summoning
 B - 14 scrolls of fear
 E - a scroll of silence
 G - a scroll of poison
 L - 12 scrolls of enchant armour
Potions
 f - 8 potions of resistance
 g - 4 potions of haste
 h - 6 potions of attraction
 j - 10 potions of lignification
 l - 11 potions of cancellation
 m - 5 potions of invisibility
 p - 7 potions of flight
 r - 15 potions of might
 t - 35 potions of curing
 z - 18 potions of brilliance
 C - 7 potions of magic
 H - 9 potions of mutation
 I - 5 potions of berserk rage
 N - 26 potions of heal wounds
 Y - 2 potions of ambrosia
Miscellaneous
 J - a phial of floods
 K - a phantom mirror
 M - a lightning rod (4/4)
 P - a tin of tremorstones (2/2)
 Q - a box of beasts
 R - a condenser vane


   Skills:
 + Level 20.0 Fighting
 - Level 20.0 Long Blades
 - Level 15.0 Throwing
 - Level 24.0 Armour
 - Level 12.0 Dodging
 - Level 9.0 Stealth
 - Level 22.0 Shields
 - Level 12.0 Spellcasting
 - Level 19.0 Summonings
 - Level 20.0 Translocations
 - Level 9.0 Transmutations
 - Level 7.0 Air Magic
 - Level 6.0 Earth Magic
 - Level 17.0 Evocations


You had 3 spell levels left.
You knew the following spells:

 Your Spells              Type           Power      Damage    Failure   Level
a - Wereblood             Tmut           40%        N/A       1%          2
b - Summon Forest         Summ/Tloc      33%        N/A       1%          5
c - Animate Armour        Summ/Erth      100%       N/A       2%          4
d - Summon Cactus Giant   Summ           32%        N/A       3%          6
e - Dispersal             Tloc           33%        N/A       1%          6
f - Apportation           Tloc           100%       N/A       0%          1
g - Swiftness             Air            34%        N/A       8%          3
h - Blink                 Tloc           100%       N/A       1%          2
i - Vhi's Electric Charg  Tloc/Air       100%       N/A       1%          3
j - Manifold Assault      Tloc           67%        N/A       1%          4
k - Passage of Golubria   Tloc           67%        N/A       1%          4
l - Malign Gateway        Summ/Tloc      33%        N/A       13%         7

Your spell library contained the following spells:

 Spells                   Type           Power      Damage    Failure   Level
 Summon Small Mammal      Summ           100%       N/A       1%          1
 Call Imp                 Summ           65%        N/A       1%          2
 Lesser Beckoning         Tloc           100%       N/A       1%          2
 Momentum Strike          Conj/Tloc      88%        3d10      1%          2
 Gell's Gravitas          Tloc           67%        N/A       1%          3
 Teleport Other           Tloc           67%        N/A       1%          3
 Portal Projectile        Hex/Tloc       88%        N/A       2%          3
 Summon Guardian Golem    Hex/Summ       42%        N/A       2%          3
 Passwall                 Tmut/Erth      29%        N/A       3%          2
 Kindle Blastsparks       Fire/Tloc/Air  100%       2d18      3%          3
 Sandblast                Erth           60%        2d14      4%          1
 Shock                    Conj/Air       88%        1d8       11%         1
 Static Discharge         Conj/Air       44%        2-4/arc   17%         2
 Spider Form              Tmut/Pois      25%        N/A       22%         3
 Stone Arrow              Conj/Erth      40%        3d9       38%         3
 Freeze                   Ice            40%        1d6       43%         1
 Necrotise                Necr           40%        1d6       43%         1
 Ensorcelled Hibernation  Hex/Ice        20%        N/A       56%         2
 Sublimation of Blood     Necr           10%        N/A       56%         2
 Dazzling Flash           Conj/Hex       20%        N/A       80%         3
 Inner Flame              Hex/Fire       15%        N/A       80%         3
 Tukima's Dance           Hex            10%        N/A       80%         3
 Vampiric Draining        Necr           10%        2d6       80%         3
 Summon Lightning Spire   Summ/Air       53%        N/A       2%          4
 Iskenderun's Mystic Bla  Conj/Tloc      44%        2d10      8%          4
 Summon Hydra             Summ           32%        N/A       16%         7
 Petrify                  Tmut/Erth      35%        N/A       22%         4
 Airstrike                Air            17%        2d(3-19)  26%         4
 Summon Mana Viper        Hex/Summ       42%        N/A       26%         5
 Blade Hands              Tmut           20%        N/A       32%         5
 Disjunction              Tloc           33%        N/A       63%         8
 Lee's Rapid Deconstruct  Erth           15%        3d10*     73%         5
 Summon Horrible Things   Summ           32%        N/A       77%         8
 Leda's Liquefaction      Hex/Erth       10%        N/A       80%         4
 Yara's Violent Unravell  Hex/Tmut       12%        3d7       90%         5
 Arcjolt                  Conj/Air       11%        1d21      97%         5
 Lightning Bolt           Conj/Air       11%        1d24      97%         5
 Silence                  Hex/Air        11%        N/A       97%         5
 Statue Form              Tmut/Erth      23%        N/A       97%         6
 Borgnjor's Vile Clutch   Necr/Erth      10%        N/A       98%         5
 Anguish                  Hex/Necr       5%         N/A       99%         4
 Cause Fear               Hex            5%         N/A       99%         4
 Dispel Undead            Necr           10%        3d9       99%         4
 Flame Wave               Conj/Fire      15%        2d7       99%         4
 Fulminant Prism          Conj/Hex       5%         3d7       99%         4
 Olgreb's Toxic Radiance  Pois           10%        N/A       99%         4
 Sticky Flame             Conj/Fire      15%        2d4       99%         4
 Freezing Cloud           Conj/Ice/Air   9%         6-21      99%         5
 Agony                    Necr           10%        N/A       100%        5
 Fireball                 Conj/Fire      7%         3d5       100%        5
 Metabolic Englaciation   Hex/Ice        5%         N/A       100%        5
 Death Channel            Necr           5%         N/A       100%        6
 Iron Shot                Conj/Erth      10%        9d3       100%        6
 Starburst                Conj/Fire      7%         6d4       100%        6
 Dragon Form              Tmut           20%        N/A       100%        7
 Ozocubu's Refrigeration  Ice            5%         4d8       100%        7
 Storm Form               Tmut/Air       18%        N/A       100%        7
 Discord                  Hex            5%         N/A       100%        8
 Ignition                 Fire           7%         3d5       100%        8
 Lehudib's Crystal Spear  Conj/Erth      10%        10d4      100%        8
 Maxwell's Capacitive Co  Air            17%        ∞         100%        8
 Chain Lightning          Conj/Air       11%        3d14      100%        9
 Dragon's Call            Summ           32%        N/A       100%        9
 Animate Dead             Necr           Unusable   N/A       N/A         4
 Simulacrum               Ice/Necr       Unusable   N/A       N/A         6

Dungeon Overview and Level Annotations

Branches:
Dungeon (15/15)            Temple (1/1) D:7            Lair (5/5) D:8
  Swamp (4/4) Lair:3        Snake (4/4) Lair:2        Slime (5/5) Lair:5
    Orc (2/2) D:9             Elf (3/3) Orc:2        Vaults (5/5) D:14
  Crypt (2/3) Vaults:3     Depths (4/4) D:15            Zot (5/5) Depths:4
 Bailey (visited)           IceCv (visited)          WizLab (visited)
Desolation (visited)

Altars:
Ashenzari
Cheibriados
Elyvilon
Fedhas
Gozag
Hepliaklqana
Kikubaaqudgha
Makhleb
Okawaru
Qazlal
Ru
Trog
Uskayaw
Vehumet
Wu Jian
Xom
Zin
The Shining One
Jiyva

Shops:
D:2 =   D:8 =[[   D:11 =   D:13 [   D:14 (   Orc:2 (**!   Elf:1 [   Snake:1 [=(
Vaults:2 [   Vaults:5 !=!!   Depths:1 [*(*   Depths:2 ?=:   Depths:4 *(*

Portals:
Hell: Depths:1 Depths:2 Depths:3 Depths:4
Abyss: Depths:1 Depths:3
Pandemonium: Depths:2
Ziggurat: Depths:1

Annotations:
D:3 Terence
Lair:4 exclusion: downstairs
Swamp:1 exclusion: downstairs
Snake:1 exclusion: downstairs
Snake:2 exclusion: downstairs
Orc:1 exclusion: downstairs
Elf:2 3 runed translucent doors
Crypt:2 2 runed translucent doors, Vailuoroe's ghost, veteran GrEE; Vv
Depths:3 1 runed translucent door
Depths:4 2 transporters, Camaan's ghost, adept DgCj


Innate Abilities, Weirdness & Mutations

You are amphibious.
You cover ground slowly.
You can hop long distances.
You have an extended range of vision and can be seen from far away.
You have very sharp teeth.


Message History

(V) Vaults (C) Crypt (U) Depths (H) Hell (Z) Zot
Where to? (Enter - D:6 @ (x,y), ? - help)
What level of the Dungeon? (default 1, ? - help)
Things that are here:
a +0 shortbow; a +0 flail; a +0 club
There is a stone staircase leading up, spattered with blood here.
You climb upwards.
There is a stone staircase leading down here.
A chaos spawn comes into view.
The chaos spawn bellows!
There is a stone staircase leading up here.
You climb upwards.
Level annotation: Terence
There is a stone staircase leading down here.
(D) Dungeon (T) Temple (L) Lair (S) Swamp (P) Snake Pit (M) Slime Pits (O) Orcish Mines (E) Elven Halls (V) Vaults (C) Crypt (U) Depths (H) Hell (Z) Zot
Where to? (Enter - D:1 @ (x,y), ? - help)
Okay, then.
(D) Dungeon (T) Temple (L) Lair (S) Swamp (P) Snake Pit (M) Slime Pits (O) Orcish Mines (E) Elven Halls (V) Vaults (C) Crypt (U) Depths (H) Hell (Z) Zot
Where to? (Enter - D:1 @ (x,y), ? - help)
You see here a +0 trident.
There is a stone staircase leading up here.
You climb upwards.
There is a stone staircase leading down here.
There is an open door here.
There is an open door here.
There is a stone staircase leading up here.
You climb upwards.
There is a stone staircase leading down here.
You hear a grinding noise.
There is an open door here.
There is an open door here.
There is a staircase leading out of the dungeon here.
You have escaped!

#.###.#####...........##.#
#........#..#########..#.#
#####.##...##.#.....##...#
#####.##..##.#######.##..#
......##..#.##.....##.##.#
########.#.##.#####.##.#.#
#.#.#.##.#.##.#.#.#
##.#.#.#.###.#.#.#.########
#..#.#.#.#@#.#.#(#...##....
####
#..#.#.#.'##.#.#.#.#....###
...####..#.#.##...##.#.#.####.#
.........#.##.#.###.##.#.# #.#
# ......##.##.##...#.##.##.#
#.# #
..........##.###'###.##..# #.#
# ......##...##........#...#
#.###
...#####.#..#########....#
#....
.........##...........#..#
####.


There were no monsters in sight!

Vanquished Creatures
  the Royal Jelly (Slime:5)
  Dissolution (Slime:4)
  An ancient lich (Vaults:5)
  An orb of fire (Zot:2)
  Mara (Vaults:4)
  A juggernaut (Depths:3)
  Frederick (Vaults:3)
  A Killer Klown (Zot:5)
  Margery (Crypt:2)
  Bai Suzhen (Swamp:3)
  A curse toe (Zot:4)
  Vashnia (Snake:4)
  Saint Roka (Crypt:1)
  Xtahua (Vaults:4)
  7 golden dragons
  2 Tzitzimimeh (Crypt:2)
  3 doom hounds (Crypt:2)
  Hellbinder (WizLab)
  A hellephant (Zot:4)
  An Ice Fiend (Depths:4)
  Jorgrun (Snake:1)
  5 quicksilver dragons
  3 liches
  A walking crystal tome (Depths:2)
  9 tentacled monstrosities
  4 deep elf blademasters
  Grunn (Crypt:2)
  Mlioglotl (Snake:2)
  6 titans
  19 acid blobs
  4 deep elf master archers (Elf:3)
  7 Orb Guardians
  Asterion (Elf:2)
  2 ancient champions
  Frances (Swamp:2)
  2 sphinxes
  4 death cobs
  12 storm dragons
  3 tengu reavers
  10 draconian monks
  7 shadow dragons
  2 revenants
  Donald (Vaults:3)
  Kirke (D:15)
  2 thorn hunters (Swamp:4)
  Roxanne (D:15)
  12 azure jellies
  2 nagarajas (Snake:4)
  The ghost of FireHeadGirl the Warrior, an adept BaWr of Hepliaklqana (Elf:1)
  6 fire giants
  2 fenstrider witches
  12 rockslimes
  4 frost giants
  8 draconian knights
  2 balrugs (WizLab)
  Aizul (Snake:2)
  14 deep elf sorcerers
  3 imperial myrmidons (Desolation)
  19 vault wardens
  3 orc warlords
  3 spectral caustic shrikes (Depths:4)
  3 draconian shifters (Zot:2)
  6 draconian stormcallers
  5 draconian scorchers
  3 ghost moths
  2 angels (Elf:2)
  3 war gargoyles (Vaults:5)
  5 ghouls
  Louise (Swamp:2)
  18 ironbound preservers
  9 quicksilver oozes
  A reaper (Crypt:2)
  9 deep elf elementalists (Elf:3)
  31 very ugly things
  A juggernaut skeleton (Crypt:2)
  10 ironbound thunderhulks
  20 stone giants
  5 vampire knights
  2 draconian annihilators (Zot:2)
  7 deep elf demonologists
  An eleionoma (Swamp:2)
  13 black draconians
  7 green draconians
  9 deep elf annihilators
  14 purple draconians
  10 red draconians
  2 lorocyprocas
  2 halazid warlocks (Desolation)
  11 white draconians
  A demonspawn black sun (WizLab)
  30 dire elephants
  An eidolon (Crypt:2)
  10 yellow draconians
  4 spark wasps (Depths:4)
  2 minotaurs (Elf:1)
  3 bunyips
  2 green deaths (WizLab)
  4 blizzard demons
  7 deep elf death magi
  10 fire dragons
  A crystal guardian (Desolation)
  17 ettins
  6 ragged hierophants (Desolation)
  6 jiangshi (Crypt:1)
  14 yaktaur captains
  The ghost of fernweh the Carver, a journeyman MiMo of the Shining One (Lair:3)
  9 deep elf high priests
  8 great orbs of eyes
  An entropy weaver (Vaults:4)
  2 shambling mangroves (Swamp:4)
  Josephine (D:12)
  2 rakshasas
  33 vault guards
  15 ice dragons
  5 servants of whispers (Desolation)
  7 peacekeepers
  5 ghost crabs (Swamp:2)
  Fannar (D:7)
  2 salamander tyrants
  16 hydras
  3 spriggan air magi
  14 ironbound frosthearts
  A fenstrider witch skeleton (Crypt:1)
  2 catoblepae
  A death knight (Crypt:1)
  5 ogre magi
  7 anacondas
  An alligator (shapeshifter) (Elf:3)
  A boulder beetle (Lair:2)
  12 death yaks
  11 alligators
  14 two-headed ogres
  19 naga warriors
  A spriggan skeleton (Depths:2)
  10 tengu warriors
  3 centaur warriors
  8 shock serpents
  6 deep troll earth magi
  22 dancing weapons
  A deep troll shaman (Depths:3)
  2 orc high priests
  5 spriggan berserkers
  18 naga sharpshooters
  4 vampire magi
  A spectral dire elephant (Lair:5)
  4 sun demons
  12 hell knights
  Nergalle (D:9)
  A spectral death yak (Lair:5)
  3 soul eaters
  4 salamander mystics
  Amaemon (Lair:3)
  20 deep elf knights
  A sixfirhy (WizLab)
  29 skeletal warriors
  A spectral anaconda (Lair:5)
  3 iron trolls
  14 sea snakes (Snake:4)
  A shadow wraith (Crypt:2)
  4 naga ritualists
  4 bunyip zombies (Swamp:2)
  2 goliath frogs (Swamp:2)
  4 spriggan druids
  A death drake (Swamp:2)
  3 flayed ghosts
  2 glowing orange brains
  2 shadow demons (WizLab)
  10 swamp dragons
  8 lindwurms
  A bunyip skeleton (Swamp:2)
  23 deep elf archers
  5 wizards
  10 necromancers
  47 deep trolls
  12 bog bodies
  An obsidian statue (Lair:5)
  27 deep elf zephyrmancers
  A harpy (Vaults:2)
  3 orc knights
  20 ironbound convokers
  6 phantasmal warriors
  A mana viper (shapeshifter) (Depths:2)
  24 deep elf pyromancers
  5 shining eyes
  5 will-o-the-wisps
  4 orc sorcerers
  46 ugly things
  A tengu skeleton (Vaults:3)
  7 mana vipers
  A manticore (D:11)
  15 salamanders
  4 cyclopes
  A sphinx skeleton (Vaults:3)
  26 moths of wrath
  A goliath frog skeleton (Crypt:2)
  8 guardian serpents
  A dire elephant zombie (Lair:5)
  2 frost giant skeletons
  20 vault sentinels
  7 rust devils
  A moth of wrath (shapeshifter) (Vaults:5)
  A fire giant skeleton (Vaults:3)
  2 torpor snails (Lair:2)
  A water nymph (shapeshifter) (Vaults:1)
  14 elephants
  A molten gargoyle (Desolation)
  A guardian serpent (shapeshifter) (D:14)
  5 smoke demons
  33 black mambas
  19 naga magi
  6 orange demons
  2 stone giant skeletons
  3 gargoyles
  3 eyes of devastation
  43 yaktaurs
  4 unseen horrors
  A centaur skeleton (Crypt:1)
  9 komodo dragons
  14 cane toads
  4 freezing wraiths
  2 hellions (WizLab)
  13 rime drakes
  2 tormentors
  3 ice devils (WizLab)
  2 yaktaur skeletons (Vaults:3)
  2 burning bushes (Lair:1)
  5 red devils
  4 meliai
  2 bloated husks
  2 hellwings
  11 polar bears
  A merfolk (shapeshifter) (Elf:1)
  8 trolls
  9 hornets
  2 queen bees
  47 saltlings (Desolation)
  A harpy skeleton (Crypt:1)
  11 tyrant leeches
  14 blink frogs
  10 dream sheep
  A jumping spider zombie (Crypt:1)
  85 slime creatures
  An ettin skeleton (Vaults:3)
  10 flying skulls
  4 spectral elephants (Lair:5)
  A centaur simulacrum (D:15)
  A stone giant simulacrum (Depths:2)
  A black mamba zombie (Crypt:1)
  An air elemental (Elf:1)
  12 wraiths
  57 yaks
  9 water elementals
  2 hogs (D:15)
  12 spriggans
  A fire bat (D:10)
  3 fire elementals
  3 humans (Zot:4)
  2 wyverns (D:10)
  7 golden eyes
  A golden eye (shapeshifter) (D:14)
  7 chaos spawn
  5 basilisks
  2 steam dragons
  8 large abominations (Depths:1)
  3 neqoxecs
  17 vampire mosquitoes
  A death yak simulacrum (Lair:5)
  A spectral cane toad (Lair:5)
  A naga zombie (Crypt:1)
  6 wargs
  17 swamp worms
  A warg (shapeshifter) (Elf:1)
  39 nagas
  Duvessa (D:5)
  A deep troll skeleton (Crypt:1)
  17 water moccasins
  4 swamp drakes
  A water nymph skeleton (Crypt:2)
  3 glowing shapeshifter skeletons (Vaults:3)
  3 black bears
  9 orc warriors
  2 ice beasts
  A sky beast (D:8)
  39 ogres
  4 boggarts (Vaults:2)
  A spriggan simulacrum (Swamp:2)
  11 centaurs
  2 phantoms
  A swamp dragon skeleton (Swamp:2)
  2 kobold brigands
  A hog skeleton (Crypt:2)
  A fire crab zombie (Crypt:2)
  2 wyvern zombies (D:7)
  2 human skeletons (Vaults:3)
  3 scorpions
  3 cane toad simulacra (Lair:5)
  3 necrophages
  4 earth elementals
  15 bullfrogs
  3 small abominations (Depths:1)
  8 wights
  Dowan (D:5)
  17 killer bees
  2 elephant simulacra (Lair:5)
  4 howler monkeys
  5 electric eels
  A bullfrog zombie (D:7)
  3 lava snakes (Lair:2)
  5 centaur zombies
  4 hounds (D:4)
  A bullfrog skeleton (Crypt:1)
  8 jellies
  10 orc priests
  Natasha (thrice) (D:2)
  5 iguanas
  13 orc wizards
  2 lightning spires (Swamp:1)
  2 killer bee zombies (D:7)
  9 gnolls
  7 adders
  A shadow imp (D:8)
  2 white imps
  An ufetubus (D:7)
  An iguana skeleton (Crypt:1)
  4 worms
  4 dart slugs
  35 orcs
  8 ball pythons
  9 endoplasms
  4 giant cockroaches
  12 goblins
  11 hobgoblins
  13 jackals
  17 kobolds
  5 bats
  2 frilled lizards
  A quokka skeleton (Crypt:1)
  4 rats
  A rat skeleton (Crypt:2)
  2 ball lightnings (Swamp:1)
2335 creatures vanquished.

Vanquished Creatures (collateral kills)
  Mennas (Depths:4)
  An orb of fire (Zot:5)
  5 Killer Klowns (Zot:5)
  Nikola (Vaults:1)
  A bone dragon (Crypt:2)
  2 tentacled monstrosities
  3 Orb Guardians
  A quicksilver dragon (Vaults:5)
  A titan (Vaults:5)
  A storm dragon (Depths:2)
  A rockslime (Slime:5)
  2 frost giants
  An ironbound preserver (Vaults:1)
  2 stone giants
  2 quicksilver oozes (Slime:5)
  7 very ugly things
  An eleionoma (Swamp:4)
  A purple draconian (Zot:5)
  A green draconian (Zot:2)
  A dire elephant (Vaults:3)
  2 fire dragons (Depths:4)
  A hydra (Swamp:3)
  3 death yaks (Depths:3)
  A deep troll earth mage (Depths:4)
  2 alligators (Swamp:4)
  An iron troll (Depths:3)
  A sixfirhy (Zot:2)
  2 deep trolls
  2 swamp dragons (Swamp:4)
  2 ugly things
  2 moths of wrath
  A hornet (Depths:2)
  3 spriggans
  2 swamp drakes (Swamp:4)
  A wight (D:7)
62 creatures vanquished.

Vanquished Creatures (others)
  A dread lich (Zot:5)
  An ancient lich (Zot:5)
  5 Killer Klowns
  2 curse toes (Zot:5)
  2 tentacled monstrosities
  2 electric golems (Zot:5)
  15 Orb Guardians (Zot:5)
  2 death cobs
  A storm dragon (Zot:4)
  4 draconian monks
  3 draconian scorchers
  A demonspawn warmonger (Depths:2)
  2 draconian stormcallers (Zot:4)
  2 draconian annihilators
  A reaper (Depths:2)
  A demonspawn black sun (Depths:2)
  2 green draconians (Zot:5)
  2 yellow draconians (Zot:4)
  A red draconian (Zot:5)
  4 black draconians
  A purple draconian (Zot:5)
  2 white draconians (Zot:5)
  A bunyip (Swamp:2)
  A dire elephant (Zot:4)
  3 deep elf knights
  A spriggan (Depths:2)
  An orc knight (Orc:1)
  3 moths of wrath
  An orange demon (Lair:3)
  A hornet (Depths:2)
  A slime creature (Slime:1)
  4 humans (Zot:4)
  A neqoxec (Depths:2)
  A sky beast (D:7)
  A centaur (D:15)
  A small abomination (Depths:2)
  An endoplasm (D:4)
  2 ball lightnings (Depths:2)
  A bush (Lair:2)
  8 foxfires (Swamp:1)
  38 fungi
  181 plants
  7 snaplasher vines
  20 withered plants
336 creatures vanquished.

Grand Total: 2733 creatures vanquished

Notes
Turn   | Place    | Note
-------+----------+-------------------------------------------
     0 | D:1      | ragingrage the Barachi Warper began the quest for the Orb.
     0 | D:1      | Reached XP level 1. HP: 17/17 MP: 3/3
   243 | D:1      | Reached XP level 2. HP: 20/23 MP: 5/5
   463 | D:1      | Reached skill level 1 in Stealth
   476 | D:1      | Reached XP level 3. HP: 25/28 MP: 6/6
  1415 | D:2      | Found Nudytemian's Jewellery Boutique.
  1722 | D:2      | Found a sacrificial altar of Ru.
  1882 | D:2      | Learned a level 2 spell: Blink
  1925 | D:2      | Noticed Natasha
  1946 | D:2      | Killed Natasha
  1947 | D:2      | Reached XP level 4. HP: 22/34 MP: 7/7
  2008 | D:2      | Noticed Natasha
  2119 | D:2      | Killed Natasha
  2120 | D:2      | Reached skill level 5 in Long Blades
  2564 | D:2      | Noticed Natasha
  2576 | D:2      | Killed Natasha
  2577 | D:2      | Reached XP level 5. HP: 34/39 MP: 8/8
  3416 | D:4      | Noticed a phantom
  3416 | D:4      | You fall into a shaft and drop 1 floor!
  3416 | D:5      | Entered Level 5 of the Dungeon
  3446 | D:5      | Reached XP level 6. HP: 46/46 MP: 9/9
  3888 | D:5      | Noticed Dowan
  3953 | D:6      | Reached XP level 7. HP: 31/51 MP: 10/10
  4197 | D:5      | Noticed Duvessa
  4855 | D:4      | Learned a level 2 spell: Lesser Beckoning
  4871 | D:4      | Found a blossoming altar of Fedhas.
  4998 | D:5      | Reached skill level 10 in Long Blades
  5064 | D:4      | Reached XP level 8. HP: 54/57 MP: 11/11
  5360 | D:3      | Noticed Terence
  5390 | D:2      | Learned a level 3 spell: Vhi's Electric Charge
  5395 | D:2      | Learned a level 4 spell: Manifold Assault
  6381 | D:4      | Found a shimmering altar of Xom.
  6771 | D:4      | Found an opulent altar of Gozag.
  6785 | D:4      | Became a worshipper of Gozag Ym Sagoz the Greedy
  7310 | D:5      | Killed Duvessa
  7460 | D:5      | Killed Dowan
  7738 | D:5      | Reached XP level 9. HP: 62/62 MP: 12/12
  8033 | D:6      | Found an ornate altar of the Wu Jian Council.
  8786 | D:6      | Found a snail-covered altar of Cheibriados.
  9318 | D:7      | Found a bloodstained altar of Trog.
 10099 | D:7      | Reached skill level 15 in Long Blades
 10119 | D:7      | Found a staircase to the Ecumenical Temple.
 10125 | Temple   | Entered the Ecumenical Temple
 10540 | D:7      | Found a burning altar of Makhleb.
 11140 | D:7      | Reached XP level 10. HP: 53/70 MP: 13/13
 11214 | D:8      | Found a staircase to the Lair.
 11951 | D:8      | Found Eloteavi's Jewellery Emporium.
 12433 | D:2      | Bought a +6 ring of dexterity for 360 gold pieces
 12434 | D:2      | Bought a +6 ring of dexterity for 360 gold pieces
 12854 | D:8      | Found a hazy altar of Hepliaklqana.
 12974 | D:8      | Noticed a +0 dagger
 12974 | D:8      | Noticed a +0 dagger
 12979 | D:8      | Found a hide-covered altar of Uskayaw.
 13088 | D:8      | Reached skill level 5 in Translocations
 13627 | D:8      | Reached skill level 5 in Fighting
 13974 | D:9      | Reached skill level 5 in Dodging
 14984 | D:9      | Reached skill level 5 in Stealth
 15829 | D:9      | Found a staircase to the Orcish Mines.
 15988 | D:10     | Entered Level 10 of the Dungeon
 16176 | D:10     | Reached XP level 11. HP: 59/79 MP: 14/14
 16296 | D:10     | Found a broken altar of Ashenzari.
 16302 | D:10     | Noticed Nergalle
 16568 | D:9      | Killed Nergalle
 16601 | D:10     | Found a flagged portal.
 16617 | Bailey   | Entered a bailey
 17266 | Bailey   | Noticed a two-headed ogre
 17279 | Bailey   | Killed a two-headed ogre
 17773 | D:10     | Found a glowing silver altar of Zin.
 17773 | D:10     | Found a white marble altar of Elyvilon.
 17773 | D:10     | Found a glowing golden altar of the Shining One.
 18161 | D:10     | Found an iron altar of Okawaru.
 18161 | D:10     | Found a stormy altar of Qazlal.
 18517 | Lair:1   | Entered Level 1 of the Lair of Beasts
 18642 | D:8      | Reached skill level 10 in Translocations
 18933 | Lair:1   | Noticed Fannar
 18943 | D:8      | Reached skill level 5 in Spellcasting
 19168 | D:11     | Noticed a two-headed ogre
 19184 | D:10     | Killed a two-headed ogre
 19378 | D:11     | Identified the +3 chain mail "Piam" {+Inv Regen+ Slay+2}
 19514 | D:11     | Noticed a cyclops
 19526 | D:11     | Killed a cyclops
 19527 | D:11     | Reached skill level 2 in Armour
 19577 | D:11     | Reached XP level 12. HP: 94/94 MP: 19/19
 19599 | D:11     | Reached skill level 3 in Armour
 19845 | D:11     | Reached skill level 4 in Armour
 19864 | D:11     | Found Zung's Jewellery Boutique.
 20072 | D:11     | Reached skill level 5 in Armour
 20478 | D:11     | Reached skill level 10 in Fighting
 20657 | D:11     | Reached skill level 6 in Armour
 20837 | D:11     | Reached skill level 7 in Armour
 20895 | D:12     | Noticed Josephine
 21027 | D:11     | Reached skill level 8 in Armour
 21059 | D:11     | Found Zung's Jewellery Boutique.
 21848 | D:11     | Reached skill level 9 in Armour
 22238 | D:12     | Killed Josephine
 22479 | D:12     | Reached skill level 10 in Armour
 22998 | D:12     | Gained mutation: You can hop long distances. [Barachi
                  | growth]
 22998 | D:12     | Reached XP level 13. HP: 103/103 MP: 20/20
 23428 | D:7      | Killed Fannar
 23642 | Lair:1   | Reached skill level 11 in Armour
 25108 | Lair:2   | Reached skill level 12 in Armour
 26308 | Lair:2   | Found a staircase to the Snake Pit.
 26467 | Lair:3   | Noticed Amaemon
 26664 | Lair:3   | Identified the ring "Baob" {rElec rC+ Will+ Str-2}
 27319 | Lair:3   | Noticed fernweh's ghost (journeyman MiMo)
 27423 | Lair:3   | Killed Amaemon
 27476 | Lair:3   | Reached skill level 13 in Armour
 27596 | Lair:3   | Found a staircase to the Swamp.
 27730 | Lair:3   | Found a transporter.
 27734 | Lair:3   | Found a transporter.
 27881 | Lair:3   | Identified the +1 leather armour of the Tormentor {rCorr
                  | Dex+3 SInv}
 28119 | Lair:4   | Reached skill level 1 in Evocations
 28120 | Lair:4   | Reached skill level 1 in Air Magic
 28386 | Lair:4   | Reached XP level 14. HP: 108/110 MP: 14/21
 29521 | Lair:5   | Entered Level 5 of the Lair of Beasts
 30364 | Lair:5   | Noticed a dire elephant
 30364 | Lair:5   | Noticed a dire elephant
 30364 | Lair:5   | Noticed a dire elephant
 30475 | Lair:5   | Reached skill level 14 in Armour
 30608 | Lair:4   | Reached skill level 5 in Evocations
 31993 | Orc:1    | Entered Level 1 of the Orcish Mines
 33014 | Orc:2    | Entered Level 2 of the Orcish Mines
 34616 | Orc:2    | Reached XP level 15. HP: 115/115 MP: 2/22
 34886 | Orc:2    | Reached skill level 15 in Translocations
 35482 | Orc:2    | Found a staircase to the Elven Halls.
 36155 | Orc:2    | Found Watt's Distillery.
 36155 | Orc:2    | Found Caruats's Assorted Antiques.
 36156 | Orc:2    | Found Yshruax's Assorted Antiques.
 36156 | Orc:2    | Found Optots's Antique Weapon Emporium.
 36165 | Orc:2    | Bought a steaming scimitar for 288 gold pieces
 36165 | Orc:2    | Identified the +3 scimitar "Qizev" {freeze, rN+} (You
                  | bought it in a shop on level 2 of the Orcish Mines)
 36166 | Orc:2    | Bought a pair of runed gloves for 292 gold pieces
 36179 | Orc:2    | Bought a potion of heal wounds for 70 gold pieces
 36179 | Orc:2    | Bought a potion of degeneration for 14 gold pieces
 36185 | Orc:2    | Bought a potion of heal wounds for 155 gold pieces
 36185 | Orc:2    | Bought a runed copper amulet for 155 gold pieces
 36189 | Orc:2    | Bought a runed scimitar for 224 gold pieces
 36200 | Orc:2    | Bought a glowing granite ring for 195 gold pieces
 38636 | D:14     | Reached skill level 1 in Shields
 39450 | D:14     | Found Uheshotur's Antique Weapon Boutique.
 40010 | D:13     | Found Gonueff's Armour Boutique.
 40299 | D:14     | Found a gate to the Vaults.
 40335 | D:14     | Reached skill level 5 in Shields
 40627 | D:15     | Entered Level 15 of the Dungeon
 40773 | D:15     | Learned a level 6 spell: Dispersal
 41227 | D:15     | Noticed Kirke
 41235 | D:15     | Killed Kirke
 41236 | D:15     | Reached XP level 16. HP: 129/129 MP: 12/26
 41417 | D:15     | Found a hazy altar of Hepliaklqana.
 41516 | D:15     | Noticed Roxanne
 42036 | D:15     | Learned a level 1 spell: Apportation
 42304 | Swamp:1  | Entered Level 1 of the Swamp
 42541 | Snake:1  | Entered Level 1 of the Snake Pit
 43080 | Snake:1  | Found Ycvaesku's Weapon Emporium.
 43144 | Snake:1  | Found Nosetobe's Jewellery Shoppe.
 43146 | Snake:1  | Found Muach's Antique Armour Emporium.
 43158 | Snake:1  | Bought a brightly glowing chain mail for 247 gold pieces
 43158 | Snake:1  | Identified the +0 chain mail "Maewaoz" {Harm Will+++ rCorr
                  | Slay-5} (You bought it in a shop on level 1 of the Snake
                  | Pit)
 43821 | Snake:1  | Learned a level 3 spell: Swiftness
 44628 | Snake:2  | Noticed Jorgrun
 44645 | Snake:1  | Killed Jorgrun
 44854 | Snake:2  | Reached skill level 5 in Air Magic
 45063 | Snake:2  | Noticed Aizul
 45095 | Snake:2  | Killed Aizul
 45124 | Snake:2  | Found a frozen archway.
 45155 | IceCv    | Entered an ice cave
 45904 | IceCv    | Reached XP level 17. HP: 114/139 MP: 11/27
 46327 | IceCv    | Reached skill level 10 in Shields
 47598 | Snake:3  | Noticed Mlioglotl
 47634 | Snake:2  | Killed Mlioglotl
 48465 | Snake:4  | Entered Level 4 of the Snake Pit
 49004 | Snake:4  | Noticed Vashnia
 50790 | Snake:4  | Reached XP level 18. HP: 146/146 MP: 17/29
 51280 | Snake:4  | Killed Vashnia
 51399 | Snake:4  | Reached skill level 10 in Evocations
 51709 | Snake:4  | Reached skill level 15 in Shields
 52646 | Snake:4  | Got a serpentine rune of Zot
 53484 | Swamp:1  | Identified a scroll of acquirement
 53485 | Swamp:1  | Acquired a +1 double sword of electrocution
 53917 | Swamp:2  | Noticed Frances
 53933 | Swamp:2  | Killed Frances
 53972 | Swamp:2  | Identified the +0 tower shield of the Ecumenical Temple
                  | {Slay+3}
 53972 | Swamp:2  | Noticed Louise
 55191 | Swamp:2  | Found an ancient bone altar of Kikubaaqudgha.
 55872 | Elf:1    | Entered Level 1 of the Elven Halls
 56023 | Elf:1    | Paralysed by an air elemental for 1 turns
 56080 | Orc:2    | Bought a scroll of enchant weapon for 292 gold pieces
 56080 | Orc:2    | Bought a potion of might for 156 gold pieces
 56080 | Orc:2    | Bought a wand of iceblast (6) for 561 gold pieces
 56173 | Elf:1    | Found a radiant altar of Vehumet.
 56468 | Elf:1    | Reached XP level 19. HP: 153/153 MP: 19/31
 56693 | Elf:1    | Found a runed translucent gate.
 56693 | Elf:1    | Found a runed translucent gate.
 56694 | Elf:1    | Found a runed translucent gate.
 56694 | Elf:1    | Identified the +9 battleaxe "Contity" {drain, Str+3 Int+4}
 56696 | Elf:1    | Noticed FireHeadGirl's ghost (adept BaWr)
 56699 | Elf:1    | Found an iron altar of Okawaru.
 57354 | Elf:1    | Found Gynaimy's Armour Shop.
 57708 | Elf:2    | Found a crumbling gateway.
 57751 | Elf:2    | Found a glowing silver altar of Zin.
 57751 | Elf:2    | Found a white marble altar of Elyvilon.
 57753 | Elf:2    | Found a glowing golden altar of the Shining One.
 57818 | Desolati | Entered the Desolation of Salt
 58347 | Desolati | Reached skill level 15 in Armour
 58406 | Desolati | Reached skill level 15 in Fighting
 58550 | Desolati | Identified the +6 sling of the Winnowing Shrike {drain,
                  | rPois rN+ Str+2 Int-4}
 58676 | Desolati | Identified the ring "Uthryst" {Wiz rPois rCorr}
 58679 | Desolati | Got the Meditations on Geometries and the Storm
 58744 | Desolati | Identified the ring of Summertime {Fire rCorr}
 58781 | Desolati | Identified the +6 falchion of Courage {flame, Str+2 Dex+3}
 59127 | Desolati | Identified the +2 morningstar of Musir {heavy, Dex+3}
 59138 | Desolati | Identified the +2 battleaxe of Entrepreneurial Spirit
                  | {protect, rElec rCorr MP-9 Str+3}
 59174 | Desolati | Identified the +0 robe of Reifril {rElec rCorr Int-3 Dex+6}
 59280 | Desolati | Identified the ring "Xaiwkixy" {rElec rF- AC+4 Stlth+}
 59313 | Desolati | Got the Codex of the Metallic Gang
 59315 | Desolati | Got Bivutag's Parchment of Clouds and the Crypt
 59318 | Desolati | Got the Secrets of Portals
 59669 | Elf:2    | Reached skill level 16 in Armour
 59882 | Elf:2    | Noticed Asterion
 59892 | Elf:2    | Killed Asterion
 60146 | Elf:2    | Identified the +0 scale mail of the Evening {Will- Str+4
                  | Dex+3 Slay+4 Stlth+}
 60183 | Elf:2    | Identified the +7 flail of the Leaping Visionary {heavy,
                  | Str+3}
 60369 | Elf:2    | Found a runed translucent gate.
 60370 | Elf:2    | Found a runed translucent gate.
 60370 | Elf:2    | Found a runed translucent gate.
 60600 | Elf:3    | Entered Level 3 of the Elven Halls
 60745 | Elf:3    | Reached XP level 20. HP: 145/162 MP: 3/33
 62406 | Elf:3    | Reached skill level 15 in Evocations
 62461 | Elf:3    | Identified the ring "Neenom" {Fly rPois Int+3}
 62971 | Abyss:4  | Cast into level 4 of the Abyss (a deep elf sorcerer)
 63000 | Abyss:4  | Paralysed by you for 2 turns
 63004 | Elf:3    | Escaped the Abyss
 63848 | Elf:3    | Identified the +1 broad axe "Cozxy" {flame, +Blink rF- rC+}
 63860 | Elf:3    | Identified the ring of the Empty Page {Ice Int+4}
 63971 | Elf:3    | Reached skill level 17 in Armour
 64525 | Elf:3    | Identified the +0 robe of Agoraphobia {rN+ Int+3}
 64816 | Elf:3    | Identified the +5 plate armour of Gluttony {rElec rC- rCorr
                  | SInv}
 64858 | Elf:3    | Reached skill level 18 in Armour
 65242 | Elf:3    | Identified the +2 robe "Weuwiem" {Int+4 Slay+2 Stlth-}
 65656 | Elf:2    | Acquired a manual of Summonings
 65664 | Elf:2    | Learned a level 5 spell: Summon Forest
 65952 | Swamp:2  | Killed Louise
 65953 | Swamp:2  | Reached skill level 1 in Summonings
 66221 | Swamp:2  | Reached XP level 21. HP: 159/172 MP: 24/34
 66450 | Swamp:2  | Got the Almanac of Profane Acts
 67069 | Swamp:3  | Noticed Bai Suzhen
 67222 | Swamp:3  | Killed Bai Suzhen
 67237 | Swamp:3  | Reached skill level 5 in Summonings
 67612 | Swamp:4  | Entered Level 4 of the Swamp
 69115 | Swamp:4  | Got a decaying rune of Zot
 69334 | Swamp:4  | Reached skill level 10 in Summonings
 69969 | D:15     | Killed Roxanne
 70076 | D:15     | Found a staircase to the Depths.
 70189 | Vaults:1 | Entered Level 1 of the Vaults
 70447 | Vaults:1 | Learned a level 4 spell: Animate Armour
 70494 | Vaults:1 | Reached skill level 1 in Earth Magic
 70878 | Vaults:1 | Noticed Nikola
 70891 | Vaults:1 | Killed Nikola
 71107 | Vaults:1 | Identified the +0 arbalest "Momoigif" {flame, rPois Will+}
 71360 | Vaults:1 | Found the +11 Singing Sword {sonic wave}
 71388 | Vaults:1 | Reached XP level 22. HP: 181/181 MP: 35/35
 71543 | Vaults:1 | Reached skill level 5 in Earth Magic
 72151 | Vaults:2 | Found a magical portal.
 72179 | WizLab   | Entered The Hall of the Hellbinder
 72834 | WizLab   | Noticed Zulliom
 72852 | WizLab   | Killed Zulliom the Hellbinder
 72923 | WizLab   | Found a burning altar of Makhleb.
 73010 | WizLab   | Got the Notes on Leadership
 73011 | WizLab   | Identified the +0 cloak of Wicked Miracles {rPois Str+4
                  | Int-5}
 73748 | Vaults:2 | Found Irhak's Antique Armour Shoppe.
 73758 | Vaults:2 | Bought a runed kite shield for 187 gold pieces
 75276 | Vaults:3 | Learned a level 6 spell: Summon Cactus Giant
 75276 | Vaults:3 | Noticed Frederick
 75284 | Vaults:3 | Killed Frederick
 76588 | Vaults:3 | Noticed Donald
 76598 | Vaults:3 | Killed Donald
 76599 | Vaults:3 | Reached XP level 23. HP: 187/187 MP: 16/36
 76860 | Vaults:3 | Reached skill level 15 in Summonings
 76961 | Vaults:3 | Found a staircase to the Crypt.
 77141 | Vaults:4 | Noticed Mara
 77160 | Vaults:4 | Killed Mara
 77491 | Vaults:4 | Noticed Xtahua
 77505 | Vaults:4 | Killed Xtahua
 79716 | Depths:1 | Entered Level 1 of the Depths
 79754 | Depths:1 | Found an iron altar of Okawaru.
 79781 | Depths:1 | Found a gateway to Hell.
 80189 | Depths:1 | Found Cofukaw's Assorted Antiques.
 80276 | Depths:1 | Found Winn's General Store.
 80278 | Depths:1 | Found Lion's Antique Armour Emporium.
 80284 | Depths:1 | Bought a scroll of teleportation for 57 gold pieces
 80284 | Depths:1 | Bought a potion of heal wounds for 95 gold pieces
 80284 | Depths:1 | Bought a potion of brilliance for 76 gold pieces
 80284 | Depths:1 | Found Usaesket's Weapon Shoppe.
 80294 | Depths:1 | Bought a glimmering leather armour for 280 gold pieces
 80294 | Depths:1 | Identified the +0 leather armour "Ihomynk" {Regen+ Dex+2}
                  | (You bought it in a shop on level 1 of the Depths)
 80537 | Depths:1 | Found a one-way gate to the infinite horrors of the Abyss.
 80821 | Depths:1 | Found a one-way gateway to a ziggurat.
 80922 | Depths:2 | Reached skill level 19 in Armour
 80956 | Depths:2 | Found Ukhaipeh's Magic Scroll Shoppe.
 80961 | Depths:2 | Found Okien's Jewellery Emporium.
 80963 | Depths:2 | Found Niupim's Book Shoppe.
 80966 | Depths:2 | Bought a scroll of fear for 76 gold pieces
 80966 | Depths:2 | Bought a scroll of fear for 76 gold pieces
 81359 | Depths:2 | Noticed a golden dragon
 81370 | Depths:2 | Killed a golden dragon
 82186 | Depths:2 | Reached skill level 20 in Armour
 82232 | Depths:2 | Noticed a golden dragon
 82244 | Depths:2 | Killed a golden dragon
 82245 | Depths:2 | Reached XP level 24. HP: 195/195 MP: 11/36
 82319 | Depths:2 | Found the +3 Elemental Staff {rElec rF++ rC++ AC+5}
 82333 | Depths:2 | Learned a level 4 spell: Passage of Golubria
 82713 | Depths:2 | Reached skill level 10 in Dodging
 83087 | Depths:2 | Found a one-way gate leading to the halls of Pandemonium.
 83681 | Depths:3 | Noticed a juggernaut
 83696 | Depths:3 | Killed a juggernaut
 83757 | Depths:3 | Got the Incunable of the Pneumatic Glacier
 84683 | D:8      | Bought a shiny helmet for 202 gold pieces
 84699 | D:8      | Bought a pair of runed gloves for 202 gold pieces
 84703 | D:8      | Bought an ichor-stained ring mail for 369 gold pieces
 84703 | D:8      | Identified the +7 ring mail of Alaazam {rElec rPois Str+2}
                  | (You bought it in a shop on level 8 of the Dungeon)
 84930 | Lair:3   | Killed fernweh's ghost
 85779 | Lair:5   | Found a runed translucent door.
 85780 | Lair:5   | Found a staircase to the Slime Pits.
 86174 | Lair:5   | Acquired 846 gold pieces
 86760 | Slime:1  | Entered Level 1 of the Pits of Slime
 87541 | Slime:2  | Reached skill level 5 in Throwing
 87789 | Slime:3  | Gained mutation: You have very sharp teeth. [a shining eye]
 87876 | Slime:3  | You fall into a shaft and drop 1 floor!
 87881 | Slime:5  | Entered Level 5 of the Pits of Slime
 88245 | Slime:5  | Noticed the Royal Jelly
 88503 | Slime:4  | Noticed Dissolution
 88513 | Slime:4  | Killed Dissolution
 88514 | Slime:4  | Reached skill level 21 in Armour
 89100 | Slime:5  | Reached XP level 25. HP: 201/201 MP: 22/36
 89567 | Slime:5  | Found a viscous altar of Jiyva.
 89569 | Slime:5  | Found the +9 staff of Wucad Mu {*channel}
 89635 | Slime:5  | Killed the Royal Jelly
 90390 | Slime:5  | Got Sif Muna's Codex of Ghastly Clouds
 90392 | Slime:5  | Got a slimy rune of Zot
 90410 | Slime:5  | Acquired 870 gold pieces
 92237 | Depths:3 | Reached skill level 10 in Throwing
 92505 | Depths:3 | Found a runed translucent door.
 92512 | Depths:3 | Noticed a juggernaut
 92956 | Depths:3 | Identified the +2 scimitar of Inquiry {spect, *Noise Str+4
                  | Dex+3}
 92958 | Depths:3 | Identified the +8 shortbow "Glorpo" {elec, +Blink Will+
                  | Stlth-}
 93060 | Depths:4 | Entered Level 4 of the Depths
 93060 | Depths:4 | Noticed Mennas
 93078 | Depths:4 | Found an ancient bone altar of Kikubaaqudgha.
 93078 | Depths:4 | Killed Mennas
 93079 | Depths:4 | Reached skill level 22 in Armour
 93125 | Depths:4 | Found Nihoatib's Weapon Shoppe.
 93190 | Depths:4 | Noticed an ancient lich
 93218 | Depths:4 | Noticed Camaan's ghost (adept DgCj)
 93315 | Depths:4 | Found a transporter.
 93320 | Depths:4 | Found a transporter.
 93699 | Depths:4 | Found a gate to the Realm of Zot.
 93931 | Depths:4 | Found Seblig's General Store.
 93939 | Depths:4 | Bought a scroll of teleportation for 45 gold pieces
 94100 | Depths:4 | Found a radiant altar of Vehumet.
 94259 | Depths:4 | Found Nuhu's Assorted Antiques.
 94268 | Depths:4 | Bought a slimy scale mail for 288 gold pieces
 94268 | Depths:4 | Identified the +0 scale mail "Ketzatte" {-Tele rC+ Dex+3
                  | SInv} (You bought it in a shop on level 4 of the Depths)
 94660 | Vaults:5 | Entered Level 5 of the Vaults
 94669 | Vaults:5 | Reached skill level 10 in Spellcasting
 94717 | Vaults:5 | Reached XP level 26. HP: 211/211 MP: 19/37
 96948 | Vaults:5 | Noticed an ancient lich
 96976 | Vaults:5 | Killed an ancient lich
 97225 | Vaults:5 | Learned a level 2 spell: Wereblood
 97490 | Vaults:5 | Reached skill level 1 in Transmutations
 97959 | Vaults:5 | Reached skill level 5 in Transmutations
 98073 | Vaults:5 | Found Sytey's Distillery.
 98077 | Vaults:5 | Bought a potion of might for 52 gold pieces
 98077 | Vaults:5 | Bought a potion of might for 52 gold pieces
 98077 | Vaults:5 | Bought a potion of resistance for 130 gold pieces
 98077 | Vaults:5 | Bought a potion of might for 52 gold pieces
 98077 | Vaults:5 | Bought a potion of curing for 39 gold pieces
 98077 | Vaults:5 | Bought a potion of brilliance for 52 gold pieces
 98116 | Vaults:5 | Found Qoomoney's Jewellery Boutique.
 98128 | Vaults:5 | Bought the ring of Henotheism {Fire rN+++ rCorr Str-2} for
                  | 870 gold pieces
 98270 | Vaults:5 | Found Jirphog's Distillery.
 98275 | Vaults:5 | Bought a potion of heal wounds for 70 gold pieces
 98275 | Vaults:5 | Bought a potion of haste for 140 gold pieces
 98297 | Vaults:5 | Found Vija Est's Distillery.
 98302 | Vaults:5 | Bought a potion of curing for 39 gold pieces
 98302 | Vaults:5 | Bought a potion of invisibility for 104 gold pieces
 98302 | Vaults:5 | Bought a potion of curing for 39 gold pieces
 98302 | Vaults:5 | Bought 2 potions of curing for 78 gold pieces
 98437 | Vaults:5 | Got a silver rune of Zot
 98639 | Crypt:1  | Entered Level 1 of the Crypt
 98886 | Depths:2 | Bought a scroll of enchant weapon for 142 gold pieces
 99477 | Elf:1    | Killed FireHeadGirl's ghost
 99486 | Elf:1    | Identified the +1 cloak of Hoomyeri {Int+4}
100117 | Crypt:1  | Identified the ring "Saell" {rF+ rN+}
100341 | Crypt:1  | Noticed Saint Roka
100366 | Crypt:1  | Killed Saint Roka
100495 | Crypt:1  | Identified the ring "Xuhal" {Will+ Dex+3}
101235 | Crypt:2  | Reached skill level 15 in Throwing
101592 | Crypt:2  | Found a large runed translucent door.
101592 | Crypt:2  | Found a large runed translucent door.
101641 | Crypt:2  | Noticed Vailuoroe's ghost (veteran GrEE)
101706 | Crypt:2  | Reached XP level 27. HP: 219/224 MP: 27/37
101789 | Crypt:2  | Noticed Margery
101811 | Crypt:2  | Killed Margery
101820 | Crypt:2  | Noticed Grunn
101840 | Crypt:2  | Killed Grunn
101881 | Crypt:2  | Noticed Vv
101908 | Crypt:2  | Found a blossoming altar of Fedhas.
102417 | Depths:4 | Learned a level 7 spell: Malign Gateway
102419 | Zot:1    | Entered Level 1 of the Realm of Zot
104815 | Zot:2    | Noticed an orb of fire
104831 | Zot:2    | Killed an orb of fire
106246 | Zot:2    | Found a glowing silver altar of Zin.
106288 | Zot:2    | Got Sif Muna's Folio of Fire and Brimstone
108256 | Zot:5    | Entered Level 5 of the Realm of Zot
108493 | Zot:5    | Noticed an ancient lich
108527 | Zot:5    | Noticed an orb of fire
108528 | Zot:5    | Noticed a dread lich
108529 | Zot:5    | Reached skill level 23 in Armour
108557 | Zot:5    | Killed an orb of fire
108755 | Zot:5    | Noticed a dread lich
108771 | Zot:5    | Killed a dread lich
108915 | Zot:5    | Acquired 1287 gold pieces
108974 | Zot:5    | Noticed an orb of fire
108990 | Zot:5    | Noticed a dread lich
109035 | Zot:5    | Noticed an ancient lich
109071 | Zot:5    | Got the Orb of Zot
109326 | Depths:2 | Noticed Lejiotz the pandemonium lord
109587 | D:10     | Reached skill level 24 in Armour
109801 | D:$      | Escaped with the Orb!

Illustrated notes

Levels and vault maps discovered:
D:1:      evilmike_arrival_rings, layout_loops_corners, minmay_misc_feat_encased
D:2:      layout_loops_corners, basic_altar, serial_shops, shop,
          minmay_misc_feat_tiny, uniq_natasha
D:3:      layout_basic, uniq_terence
D:4:      layout_basic, mainiacjoe_overflow_surrounded_room,
          nicolae_gozag_seed_capital, xom_confusion_cloud, minmay_manual_mares
D:5:      kennysheep_six_static_rooms, layout_rooms, uniq_duvessa
D:6:      corexii_shantytown, layout_loops_corners, general_overflow_altar,
          amcnicky_altar_gilded, minmay_crystal_water
D:7:      layout_rooms, trog_three_pillars_becter, lightli_temple_of_fire,
          minmay_temple_entry_trees, serial_undead, serial_undead_b,
          serial_undead_a, serial_undead_d, serial_undead_a, serial_undead_e,
          minmay_misc_feat_rows, minmay_misc_feat_enclosed
D:8:      layout_cave_pods, mainiacjoe_overflow_paths, dancing_weapons_uskayaw,
          erik_lair_orcish_takeover, serial_shops, shop,
          amcnicky_mini_pool_medium
D:9:      layout_gridville, orc_0_dummy, minmay_misc_feat_plants,
          nicolae_looking_at_the_future
D:10:     layout_big_octagon, dreamdust_divine_triumvirate,
          nicolae_ashenzari_panopticon, mainiacjoe_overflow_divided_tiny,
          enter_bailey_2, grunt_ministairs_7, uniq_nergalle
D:11:     layout_loops_ring, serial_shops, nicolae_shop_waterfront
D:12:     layout_loops_cross, serial_bayou, serial_bayou_crossing,
          serial_bayou_pond_c, serial_bayou_shore_a, serial_bayou_pond_e,
          uniq_josephine
D:13:     layout_stronghold, serial_shops, shop, serial_demonic,
          serial_demonic_g, serial_demonic_a, serial_demonic_g, serial_demonic_d
D:14:     layout_loops_corners, david_vaults_5, amcnicky_mini_pool_small,
          serial_shops, shop
D:15:     grunt_enter_depths_hoard, layout_basic, lemuel_doored_altar,
          uniq_roxanne, uniq_kirke
Temple:   hellmonk_temple_beads
Lair:1:   layout_small_grid, wad_woods_road_01, evilmike_ambush
          [evilmike_ambush_outer_corners, evilmike_ambush_inner_wall_1],
          grunt_megastairs_5, uniq_fannar
Lair:2:   layout_roguey, nicolae_snake_entry_warm_welcome,
          nicolae_lair_grazing_beasts [nicolae_sub_lair_graze_edge,
          nicolae_sub_lair_graze_edge, nicolae_sub_lair_graze_edge,
          nicolae_sub_lair_graze_edge]
Lair:3:   layout_chaotic_city, minmay_swamp_entry_swarm, gammafunk_ghost_hive,
          uniq_amaemon
Lair:4:   layout_regular_city, grunt_megastairs_3, infiniplex_staircase_pool_2
Lair:5:   due_jungle_book, layout_gridlike, slime_entry_2, grunt_megastairs_4
Swamp:1:  layout_basic_swamp, nicolae_swamp_decorative_isthmus, swamp_pool1,
          hangedman_swamp_phenomena
Swamp:2:  layout_basic_swamp, evilmike_swamp_ruin_house_3, swamp_pool1,
          beargit_kiku_chapel, uniq_louise, uniq_frances
Swamp:3:  layout_falls_marsh, nicolae_swamp_well_well_well, swamp_pool4,
          infiniplex_staircase_pool, uniq_bai_suzhen
Swamp:4:  swamp_alternative, layout_basic_swamp
Snake:1:  layout_layer_cave, nicolae_wooded_promenade
Snake:2:  layout_rooms, portal_ice_cave_entry_pillars_three, grunt_megastairs_2,
          uniq_aizul, uniq_jorgrun
Snake:3:  layout_rooms, uniq_mlioglotl
Snake:4:  snake_pit, layout_chambers, serial_bayou, serial_bayou_shore_b,
          serial_bayou_pond_b, serial_bayou_pond_e, serial_bayou_pond_b,
          serial_bayou_lake_a, serial_bayou_pond_e, serial_bayou_pond_a,
          uniq_vashnia
Slime:1:  layout_caves
Slime:2:  layout_caves
Slime:3:  layout_caves
Slime:4:  layout_caves, dissolution_awaits
Slime:5
Orc:1:    layout_caves
Orc:2:    st_orc_ogre_mass, layout_caves
Elf:1:    eino_elf_arrival_altar, layout_gridlike, serial_shops,
          nicolae_shop_window_shopping, gammafunk_ghost_fury_of_okawaru,
          hangedman_elven_crosses_minicolossus, serial_sigils_hangedman_quiver
Elf:2:    nicolae_elf_blades_crystal_corner, layout_loops_corners,
          portal_desolation_entry_holy_temple, lemuel_flame_loot_1,
          uniq_asterion
Elf:3:    nooodl_elf_gasket, layout_geoelf_diagonals
Vaults:1: st_octagons_2, hangedman_vaults_maws, nicolae_vaults_yaktaur_gun_rack,
          v_misc_24, ontoclasm_vaults_shuriken, v_misc_1,
          nicolae_vaults_bisected_slash, vaults_room_grid, grunt_vaults_swirl,
          vaults_dpeg_ring, grunt_vaults_trifunnel, layout_vaults_omnicross,
          uniq_nikola
Vaults:2: lightli_enter_wizlab_magi_temple, v_misc_29,
          nicolae_vaults_ring_of_whatevers, v_misc_15, v_misc_1,
          nicolae_vaults_stairing_the_circle, vaults_room_glass_cross,
          vaults_dpeg_cross, hangedman_vaults_snaps, vaults_mumra_hex,
          vaults_room_grid, nicolae_vaults_mini_display_case,
          layout_vaults_maze_snakey, serial_shops, shop
Vaults:3: nicolae_vaults_network_s, vaults_dpeg_hooks,
          minmay_crypt_entry_skeletal_spiral, hangedman_vaults_pinch,
          vaults_room_grid, v_misc_26, grunt_vaults_hallway_short,
          layout_vaults_omnigrid, uniq_frederick, uniq_donald
Vaults:4: nicolae_vaults_ninety_degrees, vaults_room_large_hall,
          nicolae_vaults_shelves_hall, vaults_room_door_ring,
          nicolae_vaults_network_barrier, nicolae_vaults_murderbox,
          ontoclasm_vaults_twist, ontoclasm_vaults_ring_square, v_misc_26,
          nicolae_vaults_rhombus_7, layout_vaults_chaotic_city, uniq_mara,
          uniq_xtahua
Vaults:5
Crypt:1:  layout_basic, minmay_misc_feat_alley, grunt_crypt_arrival_split,
          grunt_megastairs_1, uniq_saint_roka
Crypt:2:  layout_gridlike, ebering_ghost_disaster_area,
          nicolae_crypt_fedhas_prevails, nicolae_elevator_lobby_plus,
          uniq_margery, uniq_vv, uniq_grunn
Depths:1: layout_gridlike, enter_ziggurat_a, minmay_room_of_horrors, hell_entry,
          minmay_stone_trees_large, okawaru_gym_becter, minmay_shoptagon
Depths:2: kennysheep_large_spiral, layout_gridlike, hell_entry,
          grunt_pan_entry_sceptre, minmay_shop_star
Depths:3: giant_chief_lemuel, layout_gridlike, kennysheep_another_room,
          abyss_entry_small_statue_room, pf_hell_entry_great_geh,
          lightli_gold_pyramid
Depths:4: grunt_zot_entry_tricorne, layout_long_grid, pf_hell_entry_tar_river,
          fiery_altar_vehumet, gammafunk_ghost_mausoleum, serial_shops,
          nicolae_diamond_shop, shop, nicolae_shop_trees,
          kiku_gazebo_pond_becter, uniq_mennas
Zot:1:    layout_cathedral_of_symmetry, hangedman_elemental_corridor
Zot:2:    nicolae_zot_draconian_monastery, layout_gridlike
Zot:3:    layout_misc_corridors
Zot:4:    circus_mu, layout_twisted_circle
Zot:5:    layout_misc_corridors, skrybe_zot_glass_2

Skill      XL: |  1  2  3  4  5  6  7  8  9 10 11 12 13 14 15 16 17 18 19 20 21 22 23 24 25 26 27 |
---------------+----------------------------------------------------------------------------------+-----
Long Blades    | 3 4 5 7 8 10 13 15 16 20 | 20.0
Stealth        | 1 2 5 6 9 |  9.0
Fighting       | 3 5 8 10 12 14 15 16 17 20 | 20.0
Dodging        | 3 6 7 9 12 | 12.0
Translocations | 4 7 10 11 13 14 15 16 17 18 20 | 20.0
Spellcasting   | 5 7 8 9 10 12 | 12.0
Armour         | 2 10 13 14 16 18 20 21 22 24 | 24.0
Evocations     | 1 8 9 12 14 15 16 17 | 17.0
Air Magic      | 1 4 6 7 |  7.0
Shields        | 6 9 14 15 16 18 21 22 | 22.0
Summonings     | 2 12 14 18 19 | 19.0
Earth Magic    | 4 6 |  6.0
Throwing       | 8 12 15 | 15.0
Transmutations | 9 |  9.0

Action                     |  1- 3 |  4- 6 |  7- 9 | 10-12 | 13-15 | 16-18 | 19-21 | 22-24 | 25-27 || total
---------------------------+-------+-------+-------+-------+-------+-------+-------+-------+-------++-------
  Melee: Falchion          |   161 |   116 |   439 |       |       |       |       |       |       ||   716
         Punch             |     1 |     1 |     6 |     8 |    15 |     1 |       |       |       ||    32
         Dagger            |       |       |     2 |       |       |       |       |       |       ||     2
         Long sword        |       |       |    79 |   104 |       |       |       |       |       ||   183
         Scimitar          |       |       |       |   415 |  1417 |  1837 |    92 |       |       ||  3761
         Shortbow          |       |       |       |     3 |       |       |       |       |       ||     3
         Double sword      |       |       |       |       |       |   408 |  1885 |  2402 |  2150 ||  6845
         Bite              |       |       |       |       |       |       |       |    30 |   172 ||   202
         Eudemon blade     |       |       |       |       |       |       |       |       |   410 ||   410
   Fire: Sling             |       |     3 |       |       |       |       |       |       |       ||     3
         Shortbow          |       |       |    74 |   241 |    77 |       |       |       |       ||   392
  Throw: Dart              |       |    19 |    25 |    34 |       |     1 |       |       |       ||    79
         Javelin           |       |     1 |     6 |       |       |       |       |       |     4 ||    11
         Boomerang         |       |     1 |     3 |       |       |     1 |       |       |     1 ||     6
         Throwing net      |       |       |       |       |       |     2 |       |       |     2 ||     4
   Cast: Blink             |       |       |     4 |     1 |       |       |       |       |       ||     5
         Lesser Beckoning  |       |       |       |     4 |     2 |     1 |       |       |       ||     7
         Manifold Assault  |       |       |       |    41 |   405 |   880 |   902 |   960 |   933 ||  4121
         Apportation       |       |       |       |       |       |     2 |     2 |       |       ||     4
         Vhi's Electric Ch |       |       |       |       |       |       |    11 |    13 |    10 ||    34
         Summon Forest     |       |       |       |       |       |       |    11 |     6 |     8 ||    25
         Animate Armour    |       |       |       |       |       |       |       |    12 |    15 ||    27
         Summon Cactus Gia |       |       |       |       |       |       |       |       |     5 ||     5
         Wereblood         |       |       |       |       |       |       |       |       |    14 ||    14
 Invoke: Potion Petition   |       |       |       |       |       |     5 |     1 |     2 |    13 ||    21
         Call Merchant     |       |       |       |       |       |       |       |     2 |       ||     2
         Bribe Branch      |       |       |       |       |       |       |       |       |     5 ||     5
Ability: Hop               |       |     1 |    10 |    12 |    15 |    13 |     2 |     3 |     8 ||    64
  Evoke: Wand              |       |       |     2 |     5 |    15 |    15 |       |     3 |     5 ||    45
         Phial of floods   |       |       |       |       |       |     3 |     3 |     1 |       ||     7
         Condenser vane    |       |       |       |       |       |       |     3 |     2 |    10 ||    15
         Phantom mirror    |       |       |       |       |       |       |     1 |     3 |     2 ||     6
         Tin of tremorston |       |       |       |       |       |       |       |     4 |     7 ||    11
         Box of beasts     |       |       |       |       |       |       |       |       |     2 ||     2
    Use: Scroll            |       |       |    16 |    12 |     6 |     9 |     8 |     4 |    25 ||    80
         Potion            |       |       |     3 |     2 |       |       |       |     2 |     3 ||    10
   Stab: Sleeping          |       |     1 |     6 |       |       |       |       |     2 |       ||     9
         Distracted        |       |       |       |     4 |     7 |     4 |    13 |    12 |    12 ||    52
         Held in net/web   |       |       |       |       |       |     1 |       |       |     2 ||     3
         Invisible         |       |       |       |       |       |       |       |       |     1 ||     1
         Confused          |       |       |       |       |       |       |       |       |     4 ||     4
 Armour: Leather armour    |    40 |    20 |    94 |    56 |       |       |       |       |       ||   210
         Skin              |       |       |       |    14 |       |       |       |       |       ||    14
         Robe              |       |       |       |    10 |       |       |       |       |       ||    10
         Chain mail        |       |       |       |    62 |   463 |   570 |   422 |   384 |   563 ||  2464
  Dodge: Dodged            |   102 |    64 |   270 |   262 |   326 |   281 |   204 |   222 |   386 ||  2117
  Block: Kite shield       |       |       |       |       |       |   628 |   574 |   656 |   887 ||  2745

Table legend: (Time is in decaauts)
 A = Elapsed time spent in this place.
 B = Non-inter-level travel time spent in this place.
 C = Inter-level travel time spent in this place.
 D = Time resting spent in this place.
 E = Time spent auto-exploring this place.
 F = Levels seen in this place.
 G = Mean time per level.
                   A        B        C        D        E       F      G
               +--------+--------+--------+--------+--------+-----+--------+
         Total | 118464 | 104693 |  13771 |  32679 |  48174 |  60 | 1974.4 |
       Dungeon |  35762 |  29457 |   6305 |  10512 |  12609 |  15 | 2384.1 |
        Temple |      1 |      1 |      0 |      0 |      0 |   1 |    1.0 |
          Lair |  12573 |  10705 |   1868 |   4150 |   4447 |   5 | 2514.6 |
         Swamp |   6617 |   6080 |    537 |   2392 |   2557 |   4 | 1654.2 |
     Snake Pit |   9322 |   8907 |    415 |   2435 |   3963 |   4 | 2330.5 |
    Slime Pits |   3757 |   3584 |    173 |   1450 |   1144 |   5 |  751.4 |
  Orcish Mines |   4732 |   4100 |    632 |   1691 |   1822 |   2 | 2366.0 |
   Elven Halls |   9103 |   8219 |    884 |   3152 |   3315 |   3 | 3034.3 |
        Vaults |  13640 |  12005 |   1635 |   1825 |   7551 |   5 | 2728.0 |
         Crypt |   2218 |   2112 |    106 |    197 |   1424 |   2 | 1109.0 |
        Depths |   7922 |   6967 |    955 |   1164 |   4399 |   4 | 1980.5 |
           Zot |   7370 |   7114 |    256 |   1517 |   3873 |   5 | 1474.0 |
         Abyss |     35 |     35 |      0 |     16 |      0 |   1 |   35.0 |
        Bailey |   1051 |   1051 |      0 |    698 |    156 |   1 | 1051.0 |
      Ice Cave |   1559 |   1559 |      0 |    605 |    291 |   1 | 1559.0 |
        Wizlab |    934 |    934 |      0 |    313 |    270 |   1 |  934.0 |
    Desolation |   1861 |   1861 |      0 |    556 |    345 |   1 | 1861.0 |
               +--------+--------+--------+--------+--------+-----+--------+

Top non-repeatable levels by time:
Vaults:4: 4929 daAuts
   Elf:3: 4468 daAuts
     D:9: 4083 daAuts
 Snake:4: 3851 daAuts
     D:8: 3539 daAuts
    D:11: 3349 daAuts
  Lair:5: 3051 daAuts
  Lair:4: 2994 daAuts
Depths:2: 2934 daAuts
Vaults:3: 2905 daAuts
  Lair:2: 2838 daAuts
    D:13: 2766 daAuts
   Orc:2: 2693 daAuts
 Snake:1: 2574 daAuts
   Zot:2: 2561 daAuts
